 Dungeon Crawl Stone Soup version 0.17.1-2-g5865329 (webtiles) character file.

155 Peloso the Covered (level 5, -5/47 HPs)
             Began as a Minotaur Fighter on Feb 14, 2016.
             Killed by nerve-wracking pain
             ... invoked by Grinder
              (10 damage)
             ... on level 3 of the Dungeon.
             The game lasted 00:03:46 (1369 turns).

Peloso the Covered (Minotaur Fighter)               Turns: 1369, Time: 00:03:48

Health: -5/47      AC:  9    Str: 25    XL:     5   Next: 14%
Magic:  4/4        EV: 11    Int:  5    God:
Gold:   174        SH: 10    Dex: 11    Spells: 0 memorised, 4 levels left

rFire  . . .     SeeInvis .     a - +0 long sword
rCold  . . .     Clarity  .     b - +0 scale mail
rNeg   . . .     SustAt   .     c - +0 shield
rPois  .         Gourm    .     (helmet restricted)
rElec  .         Spirit   .     q - +0 cloak
rCorr  .         Warding  .     (no gloves)
rMut   .         Stasis   .     r - +0 pair of boots
MR     .....                    (no amulet)
Stlth  ..........               (no ring)
                                o - +3 ring of evasion

@: mighty, not resistant to hostile enchantments, extremely unstealthy
A: retaliatory headbutt, horns 2
a: no special abilities


You were on level 3 of the Dungeon.
You were not hungry.

You visited 1 branch of the dungeon, and saw 3 of its levels.

You collected 174 gold pieces.

Inventory:

Hand Weapons
 a - a +0 long sword (weapon)
 j - a +1 mace of draining
Armour
 b - a +0 scale mail (worn)
 c - a +0 shield (worn)
 q - a +0 cloak (worn)
 r - a +0 pair of boots (worn)
Jewellery
 o - a +3 ring of evasion (left hand)
Scrolls
 f - 2 scrolls of fear {unknown}
 g - 2 scrolls of enchant weapon {unknown}
 i - 2 scrolls of noise {unknown}
 l - 3 scrolls of identify {unknown}
 p - a scroll of magic mapping {unknown}
Potions
 k - a potion of agility {unknown}
 n - a potion of curing {unknown}
 s - 2 potions of magic {unknown}
 u - a potion of cure mutation {unknown}
Comestibles
 e - 2 bread rations
 h - 2 meat rations
 m - a royal jelly
 t - 8 chunks of flesh


   Skills:
 + Level 4.5 Fighting
 + Level 3.7 Long Blades
 + Level 4.6 Armour
 + Level 2.5 Dodging
 + Level 0.1 Stealth
 + Level 3.9 Shields


You had 4 spell levels left.
You didn't know any spells.

Dungeon Overview and Level Annotations

Branches:
Dungeon (3/15)

Altars:
Vehumet

Annotations:
D:3 Grinder


Innate Abilities, Weirdness & Mutations

You reflexively headbutt those who attack you in melee.
You have a pair of horns on your head.


Message History

There is a stone staircase leading down here.
You slash Grinder!
Grinder is moderately wounded.
You block Grinder's attack.
You closely miss Grinder.
Grinder is moderately wounded.
Grinder hits you.
* * * LOW HITPOINT WARNING * * *
You writhe in agony.
* * * LOW HITPOINT WARNING * * *
Drink which item? (? for menu, Esc to quit)
You feel very mighty all of a sudden. Grinder hits you but does no damage.
You closely miss Grinder. Your headbutt misses Grinder.
Grinder is moderately wounded.
Grinder hits you.
* * * LOW HITPOINT WARNING * * *
Grinder gestures at you. Pain shoots through your body!
You die...

###...#
..........####...###
..........##...###
..........#...##
..........##...###
..........####...###
?....?....# ###...#
.........#####...###
#...5@).##...###
#######.#...##
#)##...###
#.####...###
#.######...#
#.........##
##.######## #.# #.#


You could see Grinder.

Vanquished Creatures
  A centaur (D:3)
  3 adders
  A worm (D:2)
  13 hobgoblins
  6 kobolds
  2 quokkas
  2 bats
  4 giant cockroaches
  A giant newt (D:2)
  8 rats
41 creatures vanquished.

Notes
Turn   | Place    | Note
--------------------------------------------------------------
     0 | D:1      | Peloso the Minotaur Fighter began the quest for the Orb.
     0 | D:1      | Reached XP level 1. HP: 19/19 MP: 0/0
   198 | D:1      | Reached skill level 4 in Fighting
   475 | D:1      | Reached XP level 2. HP: 24/27 MP: 1/1
   664 | D:2      | Found a radiant altar of Vehumet.
   835 | D:2      | Reached XP level 3. HP: 33/33 MP: 2/2
  1219 | D:3      | Noticed a centaur
  1231 | D:3      | Killed a centaur
  1231 | D:3      | Reached XP level 4. HP: 15/41 MP: 3/3
  1269 | D:3      | Reached XP level 5. HP: 24/47 MP: 4/4
  1348 | D:3      | Noticed Grinder
  1369 | D:3      | Killed from afar by Grinder

Action                   |  1- 3 |  4- 6 || total
-------------------------+-------+-------++-------
Melee: Long sword        |    87 |    28 ||   115
  Use: Potion            |       |     1 ||     1
  Eat: Chunk             |     1 |     1 ||     2
